 Dungeon Crawl Stone Soup version 0.20.1-1-g8b1a95d (webtiles) character file.

6689 dvd the Cruncher (level 11, 0/67 HPs)
             Began as a Kobold Berserker on Oct 16, 2017.
             Was a High Priest of Trog.
             Slain by a shadow (21 damage)
             ... on level 9 of the Dungeon.
             The game lasted 00:25:53 (10551 turns).

dvd the Cruncher (Kobold Berserker)                Turns: 10551, Time: 00:25:54

Health: 0/67       AC: 15    Str: 17    XL:     11   Next: 23%
Magic:  11/11      EV: 15    Int:  8    God:    Trog [*****.]
Gold:   517        SH:  0    Dex: 16    Spells: 10/10 levels left

rFire    . . .     SeeInvis .   i - +2 lajatang (vamp)
rCold    . . .     Gourm    .   (shield currently unavailable)
rNeg     + + .     Faith    .   v - +2 scale mail {rN+}
rPois    .         Spirit   .   (no helmet)
rElec    .         Reflect  .   q - +2 cloak
rCorr    .         Harm     .   (no gloves)
MR       ++...                  y - +1 pair of boots
Stlth    ++........             (no amulet)
Regen    1.3/turn               A - ring of positive energy
MPRegen  0.2/turn               (no ring)

@: regenerating
A: carnivore 3
a: Berserk, Trog's Hand, Brothers in Arms, Burn Spellbooks, Renounce Religion


You were on level 9 of the Dungeon.
You worshipped Trog.
Trog was extremely pleased with you.
You were completely stuffed.

You visited 2 branches of the dungeon, and saw 10 of its levels.

You collected 517 gold pieces.

Inventory:

Hand Weapons
 a - a +0 rapier
 b - a +4 quarterstaff of chaos
 i - a +2 vampiric lajatang (weapon)
 r - a +1 falchion of slicing
 D - a +0 hand crossbow
 F - a +0 long sword
Missiles
 u - 5 curare-tipped needles
 B - 12 tomahawks (quivered)
 C - 5 poisoned tomahawks
Armour
 q - a +2 cloak (worn)
 t - a +2 robe of magic resistance
 v - a +2 scale mail of positive energy (worn)
 y - a +1 pair of boots (worn)
 H - a +0 ring mail of poison resistance
 K - a +0 troll leather armour
 O - a +1 robe of resistance
Jewellery
 A - a ring of positive energy (left hand)
 E - an uncursed ring of ice
Wands
 s - a wand of iceblast (15/15)
 w - a wand of confusion (26/48)
 J - a wand of disintegration (10/24)
 L - a wand of disintegration (10/24)
 N - a wand of disintegration (6/24)
Scrolls
 e - a scroll of fear
 f - 2 scrolls of teleportation
 k - 4 scrolls of identify
 p - 7 scrolls of remove curse
 z - a scroll of recharging
Potions
 d - 3 potions of curing
 g - a potion of mutation {unknown}
 h - 3 potions of degeneration {unknown}
 j - a potion of haste {unknown}
 m - 2 potions of agility {unknown}
 n - 2 potions of brilliance {unknown}
 o - 2 potions of berserk rage {unknown}
 x - 3 potions of lignification {unknown}
 G - a potion of magic {unknown}
 I - 4 potions of flight
Comestibles
 c - 3 meat rations
 l - 6 royal jellies
 M - 3 chunks of flesh


   Skills:
 + Level 7.6 Fighting
 + Level 7.1 Short Blades
 + Level 9.6 Staves
 + Level 5.1 Throwing
 + Level 5.9 Armour
 + Level 5.6 Dodging
 + Level 5.0 Stealth


You had 10 spell levels left.
You didn't know any spells.

Dungeon Overview and Level Annotations

Branches:
Dungeon (9/15)             Temple (1/1) D:5            Lair (0/6) D:8
    Orc: D:9-12

Altars:
Ashenzari
Cheibriados
Dithmenos
Fedhas
Gozag
Hepliaklqana
Kikubaaqudgha
Makhleb
Nemelex Xobeh
Okawaru
Qazlal
Ru
Sif Muna
Trog
Uskayaw
Vehumet
Xom
Yredelemnul
Zin
The Shining One

Shops:
D:6 !*   D:8 :

Annotations:
D:9 Josephine


Innate Abilities, Weirdness & Mutations

You are small and have problems with some larger weapons.
You are carnivorous and can eat meat at any time.


Message History

You hit the shadow.
The shadow is heavily damaged.
The shadow slips into darkness.
The shadow flickers and vanishes!
Deactivating autopickup; reactivate with Ctrl-A.
You closely miss something.
The shadow strikes at you from the darkness!
* * * LOW HITPOINT WARNING * * *
Reactivating autopickup.
You barely miss the shadow.
The shadow is heavily damaged.
The shadow slips into darkness.
The shadow flickers and vanishes!
Deactivating autopickup; reactivate with Ctrl-A.
Unknown command.
Your skin crawls.
You feel resistant to hostile enchantments.
You feel somewhat less full.
The shadow strikes at you from the darkness!
You die...

.....#.# ## #..
.......# .##..#
.......# .#..#
######## .......#
.... #......#
.....#.# ####..#
#......# .....#.#
'![..! # #......#
.......#
##..####.####......#
.....>.#
#..z{#...#.........#
.......# #.#..#@#
##........# .....#.#
#..##.# #..#...%..#
(......######..#
####.##......#
####....%......#
#.).##......#
#...........#
#)###########
###..###########)#
#...###......)<#
####.)......#####
#####.))......###


You could see a wight.

Vanquished Creatures
  A two-headed ogre (D:9)
  2 flying skulls (D:9)
  Sigmund (D:3)
  A spriggan (D:7)
  2 shadows (D:9)
  A hungry ghost (D:7)
  A water moccasin (D:5)
  2 orc warriors (D:9)
  2 hell hounds (D:8)
  3 sky beasts
  2 ice beasts
  3 phantoms
  3 ogres
  2 centaurs
  3 big kobolds
  The ghost of hilaritas the Scratcher, an amateur FeBe of Trog (D:3)
  2 bullfrogs (D:8)
  A gnoll sergeant (D:9)
  A scorpion (D:4)
  5 killer bees (D:8)
  A wight (D:9)
  2 howler monkeys
  3 crimson imps
  A quasit (D:6)
  A hound (D:4)
  A centaur zombie (D:5)
  Crazy Yiuf (D:3)
  8 orc priests
  14 orc wizards
  A bullfrog skeleton (D:6)
  4 centaur skeletons
  Ijyb (D:3)
  3 iguanas
  5 worker ants
  3 hound skeletons
  A hound zombie (D:5)
  A mummy (D:7)
  A howler monkey zombie (D:3)
  4 worker ant zombies
  23 gnolls
  13 adders
  3 oozes
  An adder zombie (D:9)
  2 adder skeletons (D:9)
  4 worms
  A dart slug (D:1)
  7 leopard geckos
  43 orcs
  3 giant cockroaches
  6 goblins (D:1)
  5 hobgoblins
  4 jackals (D:5)
  19 kobolds
  5 quokkas
  2 ball pythons
  12 bats
  9 frilled lizards
  2 quokka skeletons (D:9)
  9 rats
268 creatures vanquished.

Vanquished Creatures (collateral kills)
  A skeletal warrior (D:9)
  A shadow (D:9)
  2 flying skulls (D:9)
  A wraith (D:9)
  2 wights (D:9)
  A hound skeleton (D:9)
  An adder zombie (D:9)
  An adder skeleton (D:9)
  An orc (D:8)
11 creatures vanquished.

Vanquished Creatures (others)
  A bullfrog skeleton (D:6)
1 creature vanquished.

Grand Total: 280 creatures vanquished

Notes
Turn   | Place    | Note
-------+----------+-------------------------------------------
     0 | D:1      | dvd the Kobold Berserker began the quest for the Orb.
     0 | D:1      | Reached XP level 1. HP: 14/14 MP: 1/1
   180 | D:1      | Reached XP level 2. HP: 15/19 MP: 2/2
   712 | D:1      | Reached XP level 3. HP: 23/24 MP: 3/3
  1126 | D:2      | Reached skill level 5 in Short Blades
  1442 | D:2      | Reached ** piety under Trog
  1442 | D:2      | Reached XP level 4. HP: 29/29 MP: 4/4
  2267 | D:2      | Reached XP level 5. HP: 34/34 MP: 5/5
  2741 | D:3      | Found a runed door.
  2753 | D:3      | Noticed Crazy Yiuf
  2760 | D:3      | Killed Crazy Yiuf
  2839 | D:3      | Noticed Sigmund
  2848 | D:3      | Killed Sigmund
  2848 | D:3      | Reached skill level 1 in Stealth
  2848 | D:3      | Reached XP level 6. HP: 34/39 MP: 6/6
  3039 | D:3      | Reached *** piety under Trog
  3042 | D:3      | Noticed hilaritas's ghost (amateur FeBe)
  3067 | D:3      | Killed hilaritas's ghost
  3067 | D:3      | Reached skill level 5 in Fighting
  3067 | D:3      | Reached skill level 1 in Staves
  3067 | D:3      | Reached XP level 7. HP: 38/44 MP: 7/7
  3322 | D:3      | Noticed Ijyb
  3335 | D:3      | Killed Ijyb
  3441 | D:3      | Reached skill level 2 in Staves
  4133 | D:4      | Found a blossoming altar of Fedhas.
  4177 | D:4      | Reached skill level 3 in Staves
  4178 | D:4      | Reached XP level 8. HP: 49/49 MP: 8/8
  4193 | D:4      | Reached **** piety under Trog
  5305 | D:5      | Entered Level 5 of the Dungeon
  5312 | D:5      | Reached skill level 4 in Staves
  5373 | D:5      | Reached skill level 1 in Throwing
  5630 | D:5      | Found a staircase to the Ecumenical Temple.
  5638 | Temple   | Entered the Ecumenical Temple
  6059 | D:5      | Reached skill level 5 in Staves
  6222 | D:5      | Reached XP level 9. HP: 55/55 MP: 9/9
  6523 | D:5      | Found a radiant altar of Vehumet.
  6694 | D:5      | Found a deep blue altar of Sif Muna.
  6965 | D:6      | Found Dube's General Store.
  7031 | D:6      | Reached skill level 6 in Staves
  7163 | D:6      | Found Fenatuc's Distillery.
  7241 | D:6      | Found an opulent altar of Gozag.
  7530 | D:7      | Reached ***** piety under Trog
  7841 | D:7      | Reached skill level 5 in Dodging
  7932 | D:7      | Found a sparkling altar of Nemelex Xobeh.
  7968 | D:7      | Reached skill level 7 in Staves
  7984 | D:7      | Reached XP level 10. HP: 61/61 MP: 10/10
  8113 | D:7      | Found a snail-covered altar of Cheibriados.
  8286 | D:8      | Reached skill level 5 in Armour
  8343 | D:8      | Received a gift from Trog
  8414 | D:8      | HP: 3/61 [poisoned by a killer bee]
  8977 | D:8      | Found a glowing silver altar of Zin.
  9108 | D:8      | Found a staircase to the Lair.
  9224 | D:8      | Found Tymiapt's Book Emporium.
  9327 | D:8      | Reached skill level 8 in Staves
 10118 | D:9      | Received a gift from Trog
 10144 | D:9      | Noticed a two-headed ogre
 10153 | D:9      | Killed a two-headed ogre
 10203 | D:9      | Found a bloodstained altar of Trog.
 10287 | D:9      | Noticed Josephine
 10288 | D:9      | Noticed a skeletal warrior
 10302 | D:9      | Reached skill level 9 in Staves
 10302 | D:9      | Reached XP level 11. HP: 34/67 MP: 11/11
 10317 | D:9      | Killed a skeletal warrior
 10337 | D:9      | Reached skill level 5 in Throwing
 10337 | D:9      | Reached skill level 5 in Stealth
 10551 | D:9      | Slain by a shadow

Skill      XL: |  1  2  3  4  5  6  7  8  9 10 11 |
---------------+----------------------------------+-----
Fighting       | 4 5 6 7 |  7.6
Short Blades   | 5 6 7 |  7.1
Armour         | 2 3 4 5 |  5.9
Dodging        | 3 4 5 |  5.6
Stealth        | 1 2 3 4 5 |  5.0
Staves         | 1 3 5 7 9 |  9.6
Throwing       | 1 2 4 5 |  5.1

Action                   |  1- 3 |  4- 6 |  7- 9 | 10-12 || total
-------------------------+-------+-------+-------+-------++-------
Melee: Short sword       |   107 |   101 |       |       ||   208
       Quarterstaff      |       |    31 |   374 |   187 ||   592
       Rapier            |       |       |     4 |       ||     4
       Lajatang          |       |       |       |    84 ||    84
Throw: Tomahawk          |       |       |    24 |    66 ||    90
Invok: Berserk           |     3 |     7 |     6 |     2 ||    18
       Trog's Hand       |       |       |       |     4 ||     4
       Brothers in Arms  |       |       |       |     1 ||     1
  Use: Scroll            |       |       |     8 |     2 ||    10
       Potion            |       |       |       |     2 ||     2
 Stab: Sleeping          |     1 |       |     1 |       ||     2
       Paralysed         |       |       |     3 |     4 ||     7
       Confused          |       |       |       |     1 ||     1
  Eat: Chunk             |    11 |    12 |    21 |    23 ||    67
Armor: Animal skin       |    14 |       |       |       ||    14
       Ring mail         |       |    30 |     3 |       ||    33
       Leather armour    |       |     5 |       |       ||     5
       Scale mail        |       |       |   158 |    80 ||   238
       Robe              |       |       |     4 |       ||     4
Dodge: Dodged            |    79 |    80 |   292 |   138 ||   589
